 Dungeon Crawl Stone Soup version 0.21.0-3-g78d12a8bdd (webtiles) character file.

1978 Jannitor the Skirmisher (level 9, -1/56 HPs)
             Began as a Gargoyle Gladiator on Jan 12, 2018.
             Was a Priest of Nemelex Xobeh.
             Slain by a wyvern (8 damage)
             ... summoned by the player character
             ... on level 6 of the Dungeon.
             The game lasted 00:10:46 (5850 turns).

Jannitor the Skirmisher (Gargoyle Gladiator)        Turns: 5850, Time: 00:10:46

Health: -1/56      AC: 23    Str: 21    XL:     9   Next: 20%
Magic:  12/12      EV:  7    Int:  9    God:    Nemelex Xobeh [***...]
Gold:   335        SH:  0    Dex: 11    Spells: 8/8 levels left

rFire    . . .     SeeInvis +   v - +4 flail of Okawaru's Condemnation {drain, +Rage}
rCold    . . .     Gourm    .   (no shield)
rNeg     + . .     Faith    .   g - +0 plate armour
rPois    ∞         Spirit   .   e - +0 helmet
rElec    +         Reflect  .   (no cloak)
rCorr    +         Harm     .   k - +1 pair of gloves
MR       .....                  s - +0 pair of boots
Stlth    ..........             (no amulet)
HPRegen  0.18/turn              o - ring of see invisible
MPRegen  0.13/turn              z - ring of resist corrosion

@: confused
A: negative energy resistance 1, electricity resistance, unbreathing,
petrification resistance, rot immunity, AC +6
a: Triple Draw, Renounce Religion, Evoke Berserk Rage


You were on level 6 of the Dungeon.
You worshipped Nemelex Xobeh.
Nemelex Xobeh was most pleased with you.
You were hungry.

You visited 1 branch of the dungeon, and saw 6 of its levels.

You collected 335 gold pieces.

Inventory:

Hand Weapons
 a - a +0 flail
 v - the +4 flail of Okawaru's Condemnation (weapon) {drain, +Rage}
   (You found it on level 4 of the Dungeon)

   A truly terrible weapon, it drains the life of those it strikes.
   It lets you go berserk.
Missiles
 d - 4 throwing nets (quivered)
Armour
 b - a +0 leather armour
 c - a +0 helmet
 e - a +0 helmet (worn)
 g - a +0 plate armour (worn)
 k - a +1 pair of gloves (worn)
 p - a +0 chain mail
 s - a +0 pair of boots (worn)
Jewellery
 o - a ring of see invisible (left hand)
 z - a ring of resist corrosion (right hand)
Scrolls
 j - a scroll of enchant armour
 l - 2 scrolls of remove curse
 n - a scroll of fear {unknown}
 q - a scroll of noise {unknown}
Potions
 i - a potion of flight
 m - 2 potions of heal wounds {unknown}
 r - a potion of degeneration {unknown}
 u - a potion of mutation {unknown}
Miscellaneous
 h - a plain deck of summoning {drawn: 3}
 w - a plain deck of summoning
Comestibles
 f - 13 rations


   Skills:
 + Level 6.5 Fighting
 + Level 6.4 Maces & Flails
 - Level 1.7 Throwing
 + Level 6.0 Armour
 - Level 2.4 Dodging
 + Level 5.3 Invocations
 + Level 3.3 Evocations


You had 8 spell levels left.
You didn't know any spells.

Dungeon Overview and Level Annotations

Branches:
Dungeon (6/15)             Temple (0/1) D:4

Altars:
Dithmenos
Hepliaklqana
Nemelex Xobeh
Vehumet
Wu Jian

Shops:
D:4 %


Innate Abilities, Weirdness & Mutations

You are resistant to torment.
Your stone body is resilient. (AC +6)
You are immune to poison.
You resist negative energy. (rN+)
You are resistant to electric shocks. (rElec)
You can survive without breathing.
You are immune to petrification.
You are immune to rotting.


Message History

* * * LOW HITPOINT WARNING * * *
The wyvern barely misses you.
The wyvern bites you but does no damage.
Unknown command.
You are confused.
You feel invigorated. The wyvern bites you.
* * * LOW HITPOINT WARNING * * *
The wyvern bites you but does no damage.
The orc warrior hits you but does no damage.
The wyvern bites you but does no damage.
Unknown command.
The wyvern bites you but does no damage. x2
The wyvern bites you!
* * * LOW HITPOINT WARNING * * *
The orc warrior hits you but does no damage.
The wyvern bites you.
* * * LOW HITPOINT WARNING * * *
The wyvern bites you!
You die...
Your body disappears without a glow.

*≈≈≈≈≈≈≈≈≈*****,* *≈**≈≈≈**≈* #.#
#≈#######≈* #.# #≈≈#.$.#≈≈# #.#
#≈≈#...#≈≈# #.# #≈≈*oo.*≈≈# #.#
#≈###o###≈# #.#
#≈##lol##≈#####.###### *
######≈≈≈l@≈≈≈≈#........... *
#..........##>...###.###### #
#.##########...#####.....## # #.#
###.#.#.###........ # #.#
#.............##.##
#######.#######.#.#.#.###........
.#...................## #.####.##
........#######.###### #.# #.##
.#.###### #.# #####.####...


You could see an orc warrior, 3 wyverns, 2 orc priests and an orc.

Vanquished Creatures
  Grinder (D:5)
  An orc warrior (D:5)
  An ice beast (D:5)
  2 sky beasts (D:5)
  A necrophage (D:5)
  5 ogres
  A centaur (D:5)
  A bullfrog (D:6)
  A scorpion (D:4)
  3 wights (D:4)
  3 orc priests
  3 hounds
  A jelly (D:5)
  A worker ant (D:5)
  3 hound skeletons
  Robin (D:2)
  2 adders (D:2)
  6 gnolls
  2 shadow imps (D:5)
  3 adder skeletons
  3 worms
  2 dart slugs
  5 leopard geckos
  12 orcs
  11 bats
  9 giant cockroaches
  10 hobgoblins
  9 jackals
  4 quokkas
  A ball python (D:1)
  2 frilled lizards
  15 goblins
  5 kobolds
  A leopard gecko skeleton (D:4)
  12 rats
  A plant (D:4)
144 creatures vanquished.

Vanquished Creatures (collateral kills)
  An ogre (D:4)
  An orc priest (D:4)
  3 orcs (D:4)
5 creatures vanquished.

Grand Total: 149 creatures vanquished

Notes
Turn   | Place    | Note
-------+----------+-------------------------------------------
     0 | D:1      | Jannitor the Gargoyle Gladiator began the quest for the Orb.
     0 | D:1      | Reached XP level 1. HP: 12/12 MP: 1/1
   174 | D:1      | Reached XP level 2. HP: 18/18 MP: 2/2
   185 | D:1      | Reached skill level 1 in Armour
   465 | D:1      | Reached XP level 3. HP: 22/22 MP: 3/3
   936 | D:2      | Found a hazy altar of Hepliaklqana.
  1040 | D:2      | Noticed Robin
  1164 | D:1      | Reached XP level 4. HP: 27/28 MP: 4/4
  1183 | D:2      | Killed Robin
  1471 | D:2      | Found a faded altar of an unknown god.
  1620 | D:2      | Became a worshipper of Nemelex Xobeh the Trickster
  1620 | D:2      | Received a gift from Nemelex Xobeh
  1620 | D:2      | Reached * piety under Nemelex Xobeh
  1947 | D:2      | Reached XP level 5. HP: 17/32 MP: 5/5
  2485 | D:4      | Noticed an ogre
  2491 | D:4      | Killed an ogre
  2491 | D:4      | Reached skill level 1 in Invocations
  2649 | D:4      | Reached XP level 6. HP: 38/38 MP: 7/7
  2733 | D:4      | Found Bejy's Food Boutique.
  2948 | D:3      | Reached ** piety under Nemelex Xobeh
  3000 | D:3      | Found a shadowy altar of Dithmenos.
  4080 | D:4      | Found a staircase to the Ecumenical Temple.
  4089 | D:4      | Reached XP level 7. HP: 44/44 MP: 8/8
  4104 | D:4      | Reached skill level 5 in Maces & Flails
  4307 | D:4      | Found a radiant altar of Vehumet.
  4407 | D:4      | Found an ornate altar of the Wu Jian Council.
  4414 | D:4      | Got a polished flail
  4415 | D:4      | Identified the +4 flail of Okawaru's Condemnation {drain, +Rage} (You found it on level 4 of the Dungeon)
  4473 | D:5      | Entered Level 5 of the Dungeon
  4495 | D:5      | Received a gift from Nemelex Xobeh
  4506 | D:5      | Reached skill level 5 in Fighting
  4604 | D:5      | Found a sparkling altar of Nemelex Xobeh.
  4608 | D:5      | Reached skill level 1 in Evocations
  4692 | D:5      | Reached XP level 8. HP: 45/49 MP: 10/10
  4929 | D:5      | Reached skill level 5 in Armour
  4967 | D:5      | Noticed Grinder
  4977 | D:5      | Killed Grinder
  5170 | D:5      | Reached skill level 5 in Invocations
  5170 | D:5      | Reached XP level 9. HP: 55/55 MP: 12/12
  5795 | D:6      | Reached *** piety under Nemelex Xobeh
  5850 | D:6      | Slain by a wyvern

Skill      XL: |  1  2  3  4  5  6  7  8  9 |
---------------+----------------------------+-----
Armour         | 1 2 3 4 5 6 |  6.0
Fighting       | 3 4 5 6 |  6.5
Maces & Flails | 4 5 6 |  6.4
Invocations    | 1 2 3 5 |  5.3
Evocations     | 1 3 |  3.3
Throwing       | |  1.7
Dodging        | |  2.4

Action                   |  1- 3 |  4- 6 |  7- 9 || total
-------------------------+-------+-------+-------++-------
Melee: Flail             |   147 |   262 |   154 ||   563
 Abil: Evoke Berserk Rag |       |       |     4 ||     4
Evoke: Deck              |       |     2 |     1 ||     3
  Use: Scroll            |     1 |       |     7 ||     8
       Potion            |     1 |       |     2 ||     3
  Eat: Chunk             |     1 |    10 |     9 ||    20
Armor: Leather armour    |    70 |    61 |       ||   131
       Chain mail        |       |    72 |    87 ||   159
       Plate armour      |       |       |    16 ||    16
Dodge: Dodged            |   134 |   153 |    56 ||   343
